TOP OF THE 1ST |
Great Falls Voyagers batting - Pitching for Bluefield Blue Jays : RHP Bryan Rystrom
|
Pitching: RHP Bryan Rystrom
|
|
Batting: RHB Andy Cotton
|
0-0: Called Strike 0-1: Ball 1-1: Foul Ball, location: 2F 1-2: Ball 2-2: Ball 3-2: Foul Ball, location: 2F 3-2: Base on Balls
|
Batting: RHB Russ Cornett
|
0-0: Ball 1-0: Ball 2-0: Foul Ball, location: 2F 2-1: Foul Ball, location: 2F 2-2: Fly out, F7 (Line Drive, 7S, EV 99.4 MPH)
|
Batting: SHB Rob Haney
|
0-0: 2-RUN HOME RUN (Flyball, 7D, EV 100.0 MPH), Distance : 368 ft
|
Batting: RHB Billy Grubbs
|
0-0: Ball 1-0: Foul Ball, location: 2F 1-1: Swinging Strike 1-2: Foul Ball, location: 2F 1-2: Strikes out looking
|
Batting: RHB Mitch Cuadros
|
0-0: Ball 1-0: Ball 2-0: Foul Ball, location: 2F 2-1: Foul Ball, location: 2F 2-2: SINGLE (Groundball, 56D, EV 96.9 MPH)
|
Batting: RHB Francisco Marin
|
0-0: Ball 1-0: Ground out 6-3 (Groundball, 6S, EV 65.0 MPH)
|
Top of the 1st over - 2 runs, 2 hits, 0 errors, 1 left on base; Great Falls 2 - Bluefield 0 |
BOTTOM OF THE 1ST |
Bluefield Blue Jays batting - Pitching for Great Falls Voyagers : RHP Alje Velders
|
Pitching: RHP Alje Velders
|
|
Batting: RHB Jorge Cruz
|
0-0: Ball 1-0: Fly out, F7 (Flyball, 7D, EV 90.6 MPH)
|
Batting: RHB Mike Johnson
|
0-0: Foul Ball, location: 2F 0-1: SINGLE (Groundball, 6M, EV 96.9 MPH) (infield hit)
|
Batting: LHB Nate Greening
|
0-0: Ball 1-0: Foul Ball, location: 2F 1-1: Foul Ball, location: 2F 1-2: Strikes out looking
|
Batting: RHB Mark Noftall
|
0-0: Swinging Strike 0-1: Fielders Choice at 2nd, 5-4 (Groundball, 56, EV 91.2 MPH)
|
Bottom of the 1st over - 0 runs, 1 hit, 0 errors, 1 left on base; Great Falls 2 - Bluefield 0 |
TOP OF THE 2ND |
Great Falls Voyagers batting - Pitching for Bluefield Blue Jays : RHP Bryan Rystrom
|
Batting: RHB Enrique Gomez
|
0-0: Ball 1-0: Ground out 4-3 (Groundball, 4, EV 85.0 MPH)
|
Batting: LHB Jose Pereyra
|
0-0: Foul Ball, location: 2F 0-1: Foul Ball, location: 2F 0-2: Foul Ball, location: 2F 0-2: Strikes out swinging
|
Batting: RHB David Cortez
|
0-0: Ball 1-0: Called Strike 1-1: Ball 2-1: Ball 3-1: Fly out, F8 (Flyball, 8LD, EV 98.1 MPH)
|
Top of the 2nd over - 0 runs, 0 hits, 0 errors, 0 left on base; Great Falls 2 - Bluefield 0 |
BOTTOM OF THE 2ND |
Bluefield Blue Jays batting - Pitching for Great Falls Voyagers : RHP Alje Velders
|
Batting: RHB Akira Kubo
|
0-0: Called Strike 0-1: Ball 1-1: Ball 2-1: Called Strike 2-2: Ball 3-2: Base on Balls
|
Batting: RHB John Rios
|
0-0: Called Strike Akira Kubo steals 2nd base 0-1: Ball Wild Pitch! Akira Kubo to third 1-1: Ball 2-1: Foul Ball, location: 2F 2-2: Ball Wild Pitch! Akira Kubo scores 3-2: Hit by Pitch
|
Batting: LHB Ron de Vos
|
0-0: Foul Ball, location: 2F 0-1: Swinging Strike 0-2: Foul Ball, location: 2F 0-2: Ball 1-2: Foul Ball, location: 2F 1-2: Ball 2-2: Ball 3-2: SINGLE (Groundball, 15S, EV 66.2 MPH) (infield hit) John Rios to second
|
Batting: RHB Lao-che Zhu
|
0-0: Hit by Pitch John Rios to third Ron de Vos to second
|
Batting: RHB Benedikt Fleischmann
|
0-0: Ball Wild Pitch! John Rios scores Ron de Vos to third Lao-che Zhu to second 1-0: Foul Ball, location: 2F 1-1: Swinging Strike 1-2: Strikes out swinging
|
Batting: RHB Jorge Cruz
|
0-0: Ball 1-0: Called Strike 1-1: Foul Ball, location: 2F 1-2: Strikes out looking
|
Batting: RHB Mike Johnson
|
0-0: Ball 1-0: Ball 2-0: Ground out 5-3 (Groundball, 56, EV 101.2 MPH)
|
Bottom of the 2nd over - 2 runs, 1 hit, 0 errors, 2 left on base; Great Falls 2 - Bluefield 2 |
TOP OF THE 3RD |
Great Falls Voyagers batting - Pitching for Bluefield Blue Jays : RHP Bryan Rystrom
|
Batting: RHB Andy Cotton
|
0-0: Hit by Pitch
|
Batting: RHB Russ Cornett
|
0-0: Ball Andy Cotton is caught stealing 2nd base 2-4 1-0: Foul Ball, location: 2F 1-1: DOUBLE (Line Drive, 8LXD, EV 109.4 MPH)
|
Batting: SHB Rob Haney
|
0-0: DOUBLE (Line Drive, 9LS, EV 95.6 MPH) Russ Cornett scores
|
Batting: RHB Billy Grubbs
|
0-0: Called Strike 0-1: TRIPLE (Line Drive, 78XD, EV 97.5 MPH) Rob Haney scores
|
Batting: RHB Mitch Cuadros
|
0-0: Ball 1-0: Ball 2-0: Ball 3-0: Called Strike 3-1: Foul Ball, location: 2F 3-2: Foul Ball, location: 2F 3-2: Foul Ball, location: 2F 3-2: Fly out, F8 (Flyball, 89D, EV 94.4 MPH) Runner from 3rd tags up, SCORES, throw by CF
|
Batting: RHB Francisco Marin
|
0-0: Ball 1-0: Foul Ball, location: 2F 1-1: Ball 2-1: Foul Ball, location: 2F 2-2: Ball 3-2: Base on Balls
|
Pitching: RHP Gil Brady
|
|
Batting: RHB Enrique Gomez
|
0-0: Called Strike 0-1: Ball 1-1: Fly out, F9 (Flyball, 89M, EV 88.8 MPH)
|
Top of the 3rd over - 3 runs, 3 hits, 0 errors, 1 left on base; Great Falls 5 - Bluefield 2 |
BOTTOM OF THE 3RD |
Bluefield Blue Jays batting - Pitching for Great Falls Voyagers : RHP Alje Velders
|
Batting: LHB Nate Greening
|
0-0: Swinging Strike 0-1: Ball 1-1: Ground out 4-3 (Groundball, 4M, EV 85.6 MPH)
|
Batting: RHB Mark Noftall
|
0-0: Fly out, F9 (Flyball, 89M, EV 93.1 MPH)
|
Batting: RHB Akira Kubo
|
0-0: Ball 1-0: Ball 2-0: Called Strike 2-1: Foul Ball, location: 2F 2-2: Ball 3-2: Ground out 5-3 (Groundball, 5S, EV 86.2 MPH)
|
Bottom of the 3rd over - 0 runs, 0 hits, 0 errors, 0 left on base; Great Falls 5 - Bluefield 2 |
TOP OF THE 4TH |
Great Falls Voyagers batting - Pitching for Bluefield Blue Jays : RHP Gil Brady
|
Batting: LHB Jose Pereyra
|
0-0: Ball 1-0: Called Strike 1-1: Foul Ball, location: 2F 1-2: Ground out 2-3 (Groundball, 2L, EV 70.6 MPH)
|
Batting: RHB David Cortez
|
0-0: Called Strike 0-1: Ball 1-1: Foul Ball, location: 2F 1-2: Fly out, F8 (Flyball, 8RD, EV 101.2 MPH)
|
Batting: RHB Andy Cotton
|
0-0: Ball 1-0: Swinging Strike 1-1: Foul Ball, location: 2F 1-2: Ball 2-2: Strikes out swinging, 2-3 out at first.
|
Top of the 4th over - 0 runs, 0 hits, 0 errors, 0 left on base; Great Falls 5 - Bluefield 2 |
BOTTOM OF THE 4TH |
Bluefield Blue Jays batting - Pitching for Great Falls Voyagers : RHP Alje Velders
|
Batting: RHB John Rios
|
0-0: Ball 1-0: Called Strike 1-1: Ground out 1-3 (Groundball, 34S, EV 65.6 MPH)
|
Batting: LHB Ron de Vos
|
0-0: Called Strike 0-1: Ball 1-1: Ball 2-1: Swinging Strike 2-2: Ball 3-2: Foul Ball, location: 2F 3-2: Foul Ball, location: 2F 3-2: Strikes out swinging
|
Batting: RHB Lao-che Zhu
|
0-0: Called Strike 0-1: Ball 1-1: Called Strike 1-2: Foul Ball, location: 2F 1-2: Ball 2-2: Strikes out looking
|
Bottom of the 4th over - 0 runs, 0 hits, 0 errors, 0 left on base; Great Falls 5 - Bluefield 2 |
TOP OF THE 5TH |
Great Falls Voyagers batting - Pitching for Bluefield Blue Jays : RHP Gil Brady
|
Batting: RHB Russ Cornett
|
0-0: Ball 1-0: DOUBLE (Line Drive, 78D, EV 105.6 MPH)
|
Batting: SHB Rob Haney
|
0-0: Fly out, F7 (Flyball, 7D, EV 88.1 MPH)
|
Batting: RHB Billy Grubbs
|
0-0: Ball 1-0: Called Strike 1-1: Ground out U3 (Groundball, 34, EV 83.1 MPH) Russ Cornett to third
|
Batting: RHB Mitch Cuadros
|
0-0: Called Strike 0-1: Called Strike 0-2: Foul Ball, location: 2F 0-2: Ground out 1-3 (Groundball, 15S, EV 72.5 MPH)
|
Top of the 5th over - 0 runs, 1 hit, 0 errors, 1 left on base; Great Falls 5 - Bluefield 2 |
BOTTOM OF THE 5TH |
Bluefield Blue Jays batting - Pitching for Great Falls Voyagers : RHP Alje Velders
|
Batting: RHB Benedikt Fleischmann
|
0-0: Called Strike 0-1: Swinging Strike 0-2: Ball 1-2: Strikes out swinging
|
Batting: RHB Jorge Cruz
|
0-0: Ground out 5-3 (Groundball, 56, EV 108.1 MPH)
|
Batting: RHB Mike Johnson
|
0-0: Called Strike 0-1: Foul Ball, location: 2F 0-2: Foul Ball, location: 2F 0-2: Ground out 5-3 (Groundball, 56, EV 91.9 MPH)
|
Bottom of the 5th over - 0 runs, 0 hits, 0 errors, 0 left on base; Great Falls 5 - Bluefield 2 |
TOP OF THE 6TH |
Great Falls Voyagers batting - Pitching for Bluefield Blue Jays : RHP Gil Brady
|
Batting: RHB Francisco Marin
|
0-0: Ball 1-0: Ball 2-0: Called Strike 2-1: Ball 3-1: Foul Ball, location: 2F 3-2: Fly out, F7 (Flyball, 7D, EV 96.9 MPH)
|
Batting: RHB Enrique Gomez
|
0-0: Called Strike 0-1: Ball 1-1: Swinging Strike 1-2: TRIPLE (Line Drive, 89XD, EV 110.6 MPH)
|
Batting: LHB Jose Pereyra
|
0-0: Ball 1-0: Ground out 6-3 (Groundball, 6, EV 87.5 MPH) Enrique Gomez scores
|
Batting: RHB David Cortez
|
0-0: Fly out, F8 (Flyball, 8RM, EV 86.2 MPH)
|
Top of the 6th over - 1 run, 1 hit, 0 errors, 0 left on base; Great Falls 6 - Bluefield 2 |
BOTTOM OF THE 6TH |
Bluefield Blue Jays batting - Pitching for Great Falls Voyagers : RHP Alje Velders
|
Batting: LHB Nate Greening
|
0-0: Foul Ball, location: 2F 0-1: Ball 1-1: Ball 2-1: Ball 3-1: Base on Balls
|
Batting: RHB Mark Noftall
|
0-0: Ball 1-0: Ball 2-0: Called Strike 2-1: Ground out U3 (Groundball, 3S, EV 73.1 MPH) Nate Greening to second
|
Pitching: LHP James Reynolds
|
|
Batting: RHB Akira Kubo
|
0-0: Called Strike 0-1: Ball 1-1: Swinging Strike 1-2: Ball 2-2: Fly out, F8 (Flyball, 8RD, EV 97.5 MPH)
|
Batting: RHB John Rios
|
0-0: Ball 1-0: Ball 2-0: Ball 3-0: Base on Balls
|
Pinch Hitting: SHB Kevin Watson
|
0-0: Ball 1-0: Called Strike 1-1: Ball 2-1: Foul Ball, location: 2F 2-2: Foul Ball, location: 2F 2-2: Fielders Choice at 2nd, 6-4 (Groundball, 6, EV 86.2 MPH)
|
Bottom of the 6th over - 0 runs, 0 hits, 0 errors, 2 left on base; Great Falls 6 - Bluefield 2 |
TOP OF THE 7TH |
Great Falls Voyagers batting - Pitching for Bluefield Blue Jays : RHP Gil Brady
|
Now in CF: Kevin Watson
|
|
Batting: RHB Andy Cotton
|
0-0: Ball 1-0: Ball 2-0: Ball 3-0: Base on Balls
|
Batting: RHB Russ Cornett
|
0-0: Bunted foul 0-1: Sac Bunt to 13 - play at first, batter OUT! 1-3 Andy Cotton to second
|
Pitching: RHP Joe Linkous
|
|
Batting: SHB Rob Haney
|
0-0: Ball 1-0: Ground out 1-3 (Groundball, 34S, EV 68.8 MPH) Andy Cotton to third
|
Batting: RHB Billy Grubbs
|
0-0: Ball 1-0: Foul Ball, location: 2F 1-1: Called Strike 1-2: Ground out 5-3 (Groundball, 56, EV 90.0 MPH)
|
Top of the 7th over - 0 runs, 0 hits, 0 errors, 1 left on base; Great Falls 6 - Bluefield 2 |
BOTTOM OF THE 7TH |
Bluefield Blue Jays batting - Pitching for Great Falls Voyagers : LHP James Reynolds
|
Pinch Hitting: RHB Mike Chamberlain
|
0-0: Called Strike 0-1: Ground out 4-3 (Groundball, 4M, EV 87.5 MPH)
|
Pinch Hitting: LHB Lothar Middelkoop
|
0-0: Called Strike 0-1: Called Strike 0-2: Ball 1-2: Ball 2-2: Foul Ball, location: 2F 2-2: Ball 3-2: Base on Balls
|
Batting: RHB Jorge Cruz
|
0-0: Ball 1-0: Ball 2-0: Foul Ball, location: 2F 2-1: Ball 3-1: Base on Balls Lothar Middelkoop to second
|
Batting: RHB Mike Johnson
|
0-0: Called Strike 0-1: Ball 1-1: Swinging Strike 1-2: Ball 2-2: Foul Ball, location: 2F 2-2: Ball 3-2: Strikes out swinging
|
Pitching: RHP Jose Vigil
|
|
Batting: LHB Nate Greening
|
0-0: Ball 1-0: Ball 2-0: Ball 3-0: Called Strike 3-1: Base on Balls Lothar Middelkoop to third Jorge Cruz to second
|
Batting: RHB Mark Noftall
|
0-0: Swinging Strike 0-1: Ball 1-1: Ball 2-1: Ground out 2-3 (Groundball, 15S, EV 64.4 MPH)
|
Bottom of the 7th over - 0 runs, 0 hits, 0 errors, 3 left on base; Great Falls 6 - Bluefield 2 |
TOP OF THE 8TH |
Great Falls Voyagers batting - Pitching for Bluefield Blue Jays : RHP Joe Linkous
|
Now at 3B: Lothar Middelkoop
|
|
Now in RF: Mike Chamberlain
|
|
Batting: RHB Mitch Cuadros
|
0-0: Swinging Strike 0-1: Ball 1-1: Foul Ball, location: 2F 1-2: Ball 2-2: Strikes out swinging
|
Batting: RHB Francisco Marin
|
0-0: Ball 1-0: Called Strike 1-1: Foul Ball, location: 2F 1-2: Ball 2-2: Fly out, F8 (Flyball, 8RD, EV 102.5 MPH)
|
Batting: RHB Enrique Gomez
|
0-0: Ball 1-0: DOUBLE (Flyball, 89D, EV 97.5 MPH)
|
Pitching: RHP Gu Won
|
|
Batting: LHB Jose Pereyra
|
0-0: Ball Enrique Gomez steals 3rd base 1-0: Hit by Pitch
|
Batting: RHB David Cortez
|
0-0: Foul Ball, location: 2F 0-1: Foul Ball, location: 2F 0-2: Reached via error on a dropped throw from 2B, E3 (Groundball, 4, EV 82.5 MPH) Enrique Gomez scores Jose Pereyra to second
|
Batting: RHB Andy Cotton
|
0-0: Foul Ball, location: 2F 0-1: Called Strike 0-2: Ball 1-2: Strikes out swinging
|
Top of the 8th over - 1 run, 1 hit, 1 error, 2 left on base; Great Falls 7 - Bluefield 2 |
BOTTOM OF THE 8TH |
Bluefield Blue Jays batting - Pitching for Great Falls Voyagers : RHP Jose Vigil
|
Batting: RHB Akira Kubo
|
0-0: Foul Ball, location: 2F 0-1: Foul Ball, location: 2F 0-2: Ball 1-2: Ball 2-2: Strikes out swinging
|
Batting: RHB John Rios
|
0-0: Called Strike 0-1: DOUBLE (Line Drive, 89D, EV 105.6 MPH)
|
Batting: SHB Kevin Watson
|
0-0: Ball 1-0: Called Strike 1-1: Ground out 6-3 (Groundball, 6, EV 101.2 MPH)
|
Batting: RHB Mike Chamberlain
|
0-0: Foul Ball, location: 2F 0-1: Called Strike 0-2: Strikes out swinging
|
Bottom of the 8th over - 0 runs, 1 hit, 0 errors, 1 left on base; Great Falls 7 - Bluefield 2 |
TOP OF THE 9TH |
Great Falls Voyagers batting - Pitching for Bluefield Blue Jays : RHP Gu Won
|
Batting: RHB Russ Cornett
|
0-0: Ball 1-0: Ball 2-0: Foul Ball, location: 2F 2-1: Ground out 5-3 (Groundball, 56, EV 83.8 MPH)
|
Batting: SHB Rob Haney
|
0-0: Called Strike 0-1: Foul Ball, location: 2F 0-2: Ball 1-2: Strikes out swinging
|
Batting: RHB Billy Grubbs
|
0-0: Fly out, F9 (Flyball, 9LS, EV 77.5 MPH)
|
Top of the 9th over - 0 runs, 0 hits, 0 errors, 0 left on base; Great Falls 7 - Bluefield 2 |
BOTTOM OF THE 9TH |
Bluefield Blue Jays batting - Pitching for Great Falls Voyagers : RHP Jose Vigil
|
Batting: LHB Lothar Middelkoop
|
0-0: Called Strike 0-1: Swinging Strike 0-2: Ball 1-2: Strikes out swinging
|
Batting: RHB Jorge Cruz
|
0-0: Foul Ball, location: 2F 0-1: Ball 1-1: Swinging Strike 1-2: Strikes out swinging
|
Batting: RHB Mike Johnson
|
0-0: Foul Ball, location: 2F 0-1: Swinging Strike 0-2: Ball 1-2: Strikes out looking
|
Bottom of the 9th over - 0 runs, 0 hits, 0 errors, 0 left on base; Great Falls 7 - Bluefield 2 |
|